 Dungeon Crawl Stone Soup version 0.28-a0-657-g71136c5590 (webtiles) character file.

Game seed: 9632547847493692539

462191 jasper the Wrestler (level 23, -5/296 HPs)
             Began as a Demonspawn Artificer on Oct 12, 2021.
             Was the Champion of Okawaru.
             Killed by the air
             ... invoked by a titan
              (17 damage)
             ... on level 5 of the Vaults on Oct 14, 2021.
             The game lasted 02:11:23 (50758 turns).

jasper the Wrestler (Demonspawn Artificer)         Turns: 50758, Time: 02:11:23

Health: -5/296     AC: 13    Str: 12    XL:     23   Next: 38%
Magic:  29/33      EV: 32    Int: 35    God:    Okawaru [******]
Gold:   3921       SH: 13    Dex: 28    Spells: 3/36 levels left

rFire   + + .      SeeInvis .     - Unarmed
rCold   + . .      Faith    .   X - +6 buckler of Eternal Vigilance {rF+ rC+ Int+4}
rNeg    + . .      Spirit   .   (armour currently unavailable)
rPois   ∞          Reflect  .   h - +0 hat of the Swamp {rPois Will+++ Regen+ Int-3}
rElec   +          Harm     .   (cloak unavailable)
rCorr   .          Rampage  .   (gloves currently unavailable)
Will    ++...                   (boots currently unavailable)
Stlth   ++........              v - amulet "Necogim" {Drain Regen+ Int+4 Dex+8}
HPRegen 2.59/turn               m - +6 ring of intelligence
MPRegen 0.23/turn               Z - ring of the Tormentor {*Corrode rElec rF+ Int+4 Dex+7}

@: mighty, statue-form, weak-willed, marked, corroded, very slightly
contaminated, slowed, studying 2 skills, invisible, unable to read, very slow
A: slow and powerful, torment resistance 1, boosted hp, repulsion field 2, foul
stench 3, powered by pain 2, robust 2, weakness stinger 3, deformed body, dopey
1, screaming 1, weak 1, inability to read while threatened
}: 2/15 runes: decaying, serpentine
a: End Transformation, Renounce Religion, Heroism, Finesse, Duel


You were on level 5 of the Vaults.
You worshipped Okawaru.
Okawaru was exalted by your worship.
You were a living statue of rough stone.
You visited 9 branches of the dungeon, and saw 44 of its levels.
You visited the Abyss 2 times.
You also visited: Gauntlet and Ice Cave.

You collected 7633 gold pieces.
You spent 3712 gold pieces at shops.

Inventory:

Hand Weapons
 z - the +9 staff of Wucad Mu {*channel}
   (You acquired it on level 5 of the Dungeon)

   It occasionally powers its wielder's spells, but with a chance of causing
   confusion or draining the wielder's intelligence.
   It becomes more likely to activate and less likely to backfire with increased
   Evocations skill.
Missiles
 g - 1158 stones (quivered)
 t - 9 atropa-tipped darts
 P - 11 curare-tipped darts
 W - 3 throwing nets
Armour
 b - a +3 troll leather armour (melded)
 h - the +0 hat of the Swamp (worn) {rPois Will+++ Regen+ Int-3}
   (Okawaru gifted it to you on level 3 of the Elven Halls)

   Int:       It affects your intelligence (-3).
   rPois:     It protects you from poison.
   Regen:     It increases your rate of health regeneration.
   Will:      It greatly increases your willpower.
 s - the +0 pair of boots "Icsehow" (melded) {Dex+4}
   (You found it in a Gauntlet)

   Dex:       It affects your dexterity (+4).
 I - a +2 pair of gloves of strength (melded)
 T - a +2 cloak of preservation
 X - the +6 buckler of Eternal Vigilance (worn) {rF+ rC+ Int+4}
   (You found it on level 10 of the Dungeon)

   Int:       It affects your intelligence (+4).
   rF:        It protects you from fire.
   rC:        It protects you from cold.
Jewellery
 c - the ring "Ytehimaj" {Fire rPois rN+ Int+4}
   (You found it in a Gauntlet)

   [ring of fire]

   It enhances your fire magic.
   Int:       It affects your intelligence (+4).
   rF:        It protects you from fire.
   rC:        It makes you vulnerable to cold.
   rPois:     It protects you from poison.
   rN:        It protects you from negative energy.
 m - a +6 ring of intelligence (left fist)
 v - the amulet "Necogim" (around neck) {Drain Regen+ Int+4 Dex+8}
   (You acquired it on level 4 of the Dungeon)

   [amulet of regeneration]

   Int:       It affects your intelligence (+4).
   Dex:       It affects your dexterity (+8).
   Regen:     It increases your rate of health regeneration.
   Drain:     It drains your maximum health when unequipped.
 D - the amulet "Wydanid" {*Slow rC++ rN+ Regen+ SInv}
   (You bought it in a shop on level 2 of the Vaults)

   [amulet of regeneration]

   rC:        It greatly protects you from cold.
   rN:        It protects you from negative energy.
   SInv:      It lets you see invisible.
   Regen:     It increases your rate of health regeneration.
   *Slow:     It may slow you when you take damage.
 U - a ring of positive energy
 V - a ring of willpower
 Z - the ring of the Tormentor (right fist) {*Corrode rElec rF+ Int+4 Dex+7}
   (You found it on level 3 of the Elven Halls)

   [ring of protection from fire]

   Int:       It affects your intelligence (+4).
   Dex:       It affects your dexterity (+7).
   rF:        It protects you from fire.
   rElec:     It insulates you from electricity.
   *Corrode:  It may corrode you when you take damage.
Wands
 a - a wand of acid (33)
 d - a wand of mindburst (34)
 o - a wand of digging (18)
 u - a wand of flame (94)
 w - a wand of paralysis (37)
 x - a wand of polymorph (38)
 S - a wand of iceblast (47)
Scrolls
 j - 4 scrolls of magic mapping
 k - 30 scrolls of teleportation
 p - 10 scrolls of fog
 y - 21 scrolls of identify
 A - 7 scrolls of blinking
 G - 2 scrolls of silence
 J - 9 scrolls of amnesia
 K - 6 scrolls of vulnerability
 O - 10 scrolls of fear
Potions
 f - a potion of magic
 l - 12 potions of haste
 q - 8 potions of attraction
 r - 3 potions of cancellation
 B - 2 potions of invisibility
 C - 9 potions of flight
 E - 13 potions of curing
 F - 5 potions of lignification
 H - 2 potions of heal wounds
 L - 6 potions of ambrosia
 M - 4 potions of resistance
 Q - 5 potions of brilliance
 R - 4 potions of berserk rage
 Y - 3 potions of might
Miscellaneous
 e - a piece from Xom's chessboard (15/15)
 i - a phial of floods
 N - a phantom mirror


   Skills:
 + Level 18.0 Fighting
 - Level 3.0 Armour
 + Level 16.6 Dodging
 - Level 0.8 Stealth
 - Level 4.0 Shields
 * Level 23.4 Unarmed Combat
 - Level 7.0 Spellcasting
 - Level 1.9 Conjurations
 - Level 12.0 Hexes
 - Level 2.0 Translocations
 - Level 14.0 Transmutations
 - Level 5.5 Air Magic
 - Level 10.4 Earth Magic
 - Level 1.9 Poison Magic
 - Level 7.2 Invocations
 - Level 3.1 Evocations


You had 3 spell levels left.
You knew the following spells:

 Your Spells              Type           Power      Damage    Failure   Level
a - Invisibility          Hex            38%        N/A       3%          6
b - Silence               Hex/Air        32%        N/A       2%          5
c - Apportation           Tloc           52%        N/A       1%          1
d - Blink                 Tloc           N/A        N/A       2%          2
e - Mephitic Cloud        Conj/Pois/Air  34%        N/A       2%          3
f - Swiftness             Air            50%        N/A       1%          3
g - Statue Form           Tmut/Erth      52%        N/A       3%          6
h - Storm Form            Tmut/Air       34%        N/A       45%         7

Your spell library contained the following spells:

 Spells                   Type           Power      Damage    Failure   Level
 Magic Dart               Conj           100%       1d8       1%          1
 Shock                    Conj/Air       100%       1d9       1%          1
 Ensorcelled Hibernation  Hex/Ice        100%       N/A       1%          2
 Poisonous Vapours        Pois/Air       76%        N/A       1%          2
 Slow                     Hex            77%        N/A       1%          2
 Static Discharge         Conj/Air       38%        N/A       1%          2
 Confusing Touch          Hex            77%        N/A       1%          3
 Dazzling Flash           Conj/Hex       100%       N/A       1%          3
 Inner Flame              Hex/Fire       53%        N/A       1%          3
 Portal Projectile        Hex/Tloc       100%       N/A       1%          3
 Spider Form              Tmut/Pois      30%        N/A       1%          3
 Foxfire                  Conj/Fire      76%        2x1d7     2%          1
 Sublimation of Blood     Necr           6%         N/A       4%          2
 Gell's Gravitas          Tloc           13%        N/A       4%          3
 Lesser Beckoning         Tloc           26%        N/A       4%          3
 Teleport Other           Tloc           26%        N/A       4%          3
 Conjure Flame            Conj/Fire      19%        6-21      7%          3
 Frozen Ramparts          Ice            24%        1d4       10%         3
 Ozocubu's Armour         Ice            12%        N/A       10%         3
 Vampiric Draining        Necr           6%         2d6       10%         3
 Cause Fear               Hex            38%        N/A       1%          4
 Fulminant Prism          Conj/Hex       28%        3d14      1%          4
 Ice Form                 Ice/Tmut       57%        N/A       1%          4
 Leda's Liquefaction      Hex/Erth       37%        N/A       1%          4
 Petrify                  Tmut/Erth      78%        N/A       1%          4
 Lee's Rapid Deconstruct  Erth           35%        3d19*     1%          5
 Yara's Violent Unravell  Hex/Tmut       40%        3d16      1%          5
 Airstrike                Air            25%        N/A       3%          4
 Alistair's Intoxication  Tmut/Pois      40%        N/A       3%          5
 Metabolic Englaciation   Hex/Ice        26%        N/A       8%          5
 Dragon Form              Tmut           42%        N/A       9%          7
 Borgnjor's Vile Clutch   Necr/Erth      24%        N/A       11%         5
 Iskenderun's Mystic Bla  Conj/Tloc      26%        2d7       16%         4
 Lightning Bolt           Conj/Air       19%        1d33      21%         5
 Eringya's Noxious Bog    Tmut/Pois      30%        N/A       21%         6
 Flame Wave               Conj/Fire      19%        3d5       22%         4
 Manifold Assault         Tloc           26%        N/A       38%         5
 Agony                    Necr           12%        N/A       67%         5
 Dispersal                Tloc           13%        N/A       92%         6
 Ozocubu's Refrigeration  Ice            6%         4d6       100%        7
 Maxwell's Capacitive Co  Air            25%        ∞         100%        8
 Tukima's Dance           Hex            Unusable   N/A       N/A         3
 Call Imp                 Summ           Unusable   N/A       N/A         2
 Summon Mana Viper        Hex/Summ       Unusable   N/A       N/A         5
 Summon Lightning Spire   Summ/Air       Unusable   N/A       N/A         4
 Summon Ice Beast         Ice/Summ       Unusable   N/A       N/A         4
 Summon Forest            Summ/Tloc      Unusable   N/A       N/A         5
 Haunt                    Necr/Summ      Unusable   N/A       N/A         7
 Spellforged Servitor     Conj/Summ      Unusable   N/A       N/A         7
 Summon Hydra             Summ           Unusable   N/A       N/A         7
 Dragon's Call            Summ           Unusable   N/A       N/A         9

Dungeon Overview and Level Annotations

Branches:
Dungeon (15/15)            Temple (1/1) D:6            Lair (6/6) D:10
  Swamp (4/4) Lair:3        Snake (4/4) Lair:4        Slime (0/5) Lair:6
    Orc (2/2) D:9             Elf (3/3) Orc:2        Vaults (5/5) D:14
  Crypt (0/3) Vaults:2     Depths (4/4) D:15            Zot (0/5) Depths:4
  IceCv (visited)         Gauntlet (visited)

Altars:
Ashenzari
Cheibriados
Dithmenos
Elyvilon
Fedhas
Gozag
Hepliaklqana
Kikubaaqudgha
Makhleb
Nemelex Xobeh
Okawaru
Qazlal
Ru
Sif Muna
Trog
Uskayaw
Vehumet
Wu Jian
Xom
Yredelemnul
Zin
The Shining One
Beogh

Shops:
D:4 ?[:[   D:6 *   D:14 *?:?   Orc:2 [?((   Vaults:1 *   Vaults:2 =
Depths:2 ::=

Portals:
Hell: Depths:1 Depths:2 Depths:3 Depths:4
Abyss: Depths:3
Pandemonium: Depths:1 Depths:2
Ziggurat: Depths:2

Annotations:
D:13 exclusion: oklob plant
Elf:2 3 runed translucent doors
Elf:3 1 exclusion
Vaults:1 1 transporter
Depths:3 6 runed translucent doors


Innate Abilities, Weirdness & Mutations

You are a living statue of rough stone.
Your actions are slow, but your melee attacks are powerful.
You are resistant to unholy torment.
Your maximum health is greatly increased.
You are immune to poison.
Your equipment is partially melded.
You are surrounded by a moderate repulsion field. (EV +3)
You frequently emit foul miasma when damaged in melee.
You sometimes gain power by taking damage.
You are very robust. (+20% HP)
You have a sharp stinger which inflicts weakening toxins.
Armour fits poorly on your strangely shaped body.
You are dopey. (Int -2)
You occasionally shout uncontrollably at your foes.
You are weak. (Str -2)
You sometimes lose the ability to read scrolls when taking damage.


Message History

The bolt hits the yaktaur captain!
The redback barely misses the deep elf annihilator.
The yaktaur captain is engulfed in dark miasma.
The yaktaur captain looks even sicker.
The yaktaur captain misses you.
A vault sentinel comes into view.
It is wielding a +1 falchion of holy wrath.
The yaktaur captain wields a +0 arbalest.
The yaktaur captain shoots a bolt.
The bolt hits the yaktaur captain!!!
The yaktaur shoots a bolt.
The bolt hits the yaktaur captain!!
The yaktaur captain dies!
The vault sentinel hits something with a +0 long sword!
The vault sentinel hits itself with a +0 long sword.
The hell knight casts a spell.
The hell knight blinks!
The green very ugly thing misses you. Something misses you.
The deep elf annihilator gestures wildly while chanting.
The deep elf annihilator blinks!
You hear a shout! x9
You yell at the stone giant!
A stone giant comes into view.
You regained 18 hp, and now have 31/296 hp.
You hear a shout!
The vault sentinel seems less confused.
The emperor scorpion changes into an entropy weaver!
The redback seems less confused.
The phantasmal warrior completely misses you.
The stone giant completely misses you. The vault warden misses you.
The yaktaur shoots a bolt.
The bolt hits the yaktaur captain!!
The cyan very ugly thing completely misses you.
The vault sentinel blows a loud note on a signal horn!
The deep elf annihilator gestures wildly while chanting.
The deep elf annihilator blinks!
The yaktaur shoots a bolt.
The bolt hits the entropy weaver!
The sphinx is engulfed in dark miasma.
The sphinx looks even sicker.
The sphinx seems to slow down.
You block the sphinx's attack. The sphinx hits you but does no damage.
You block the sphinx's attack.
The titan waves its arms in wide circles.
* * * LOW HITPOINT WARNING * * *
The green very ugly thing completely misses you.
The titan waves its arms in wide circles.
You die...

#....# #...(#
#....# ##
#....#####(
##..#....#c....
.Q..W(pCp..c(p.
###.(({Wcc(####
....[eH8uBc....
....psCups.....
....(esXce.p...
....§e(4.......
###C..e..eD####
#C......c.2
#...#..p.#.C.
.#.##....##2.#


You could see a shadow dragon, a tentacled monstrosity, 2 titans, 2 very ugly
things, a sphinx (empowered, very poisoned, slow), 3 stone giants, a vault
warden (empowered, confused), 3 yaktaur captains, a reaper (summoned), an
entropy weaver shaped shifter, a deep elf annihilator (empowered), a deep elf
death mage (empowered), a hell knight (fast, empowered, very poisoned, slow), 2
deep elf sorcerers, a deep elf demonologist (empowered), an orange demon
(summoned), 3 vault sentinels, a deep elf high priest (brilliance aura), 2
phantasmal warriors, 2 ironbound convokers, 4 yaktaurs, a hellion (summoned), a
tarantella, 2 redbacks and a tengu.

Vanquished Creatures
  A juggernaut (Depths:3)
  Nikola (Depths:2)
  2 golden dragons (Depths:2)
  4 bone dragons
  2 walking crystal tomes
  2 liches
  3 deep elf master archers (Elf:3)
  The ghost of Waleff the Peltast, an adept DrBe of Trog (Snake:1)
  Asterion (Snake:1)
  2 tentacled monstrosities
  6 deep elf blademasters (Elf:3)
  2 quicksilver dragons (Snake:3)
  2 titans
  An ancient champion (Vaults:2)
  Gastronok (Lair:2)
  3 sphinxes
  Agnes (D:15)
  3 shadow dragons
  3 tengu reavers
  A thorn hunter (Swamp:1)
  4 nagarajas
  2 draconian knights (Depths:4)
  A storm dragon (Depths:2)
  Donald (Snake:3)
  8 frost giants
  A draconian monk (Depths:4)
  A rockslime (Abyss:3)
  13 fire giants
  An iron dragon (Vaults:4)
  2 fenstrider witches (Swamp:1)
  12 vault wardens
  6 deep elf sorcerers
  Aizul (Snake:3)
  The ghost of sleeves the Protected, a journeyman DsFi of Gozag (Swamp:2)
  2 orc warlords
  A cacodemon (Depths:1)
  3 deep elf elementalists (Elf:3)
  A reaper (Depths:2)
  A ghoul (Vaults:2)
  6 stone giants
  3 spriggan defenders
  2 war gargoyles
  18 very ugly things
  18 ironbound preservers
  3 vampire knights
  2 entropy weavers
  A minotaur (Gauntlet)
  7 deep elf demonologists
  2 deep elf annihilators (Elf:3)
  6 spark wasps
  A red draconian (Depths:4)
  3 bunyips
  A white draconian (Depths:4)
  A black draconian (Depths:4)
  14 dire elephants
  A yellow draconian (Depths:4)
  2 crystal guardians (Vaults:4)
  2 deep elf death magi
  12 ettins
  6 eleionomae
  2 deep elf high priests
  9 yaktaur captains
  4 fire dragons
  6 great orbs of eyes
  2 rakshasas (Depths:1)
  41 vault guards
  6 ice dragons
  7 ironbound thunderhulks
  16 naga warriors
  4 salamander tyrants
  13 hydras
  5 boulder beetles
  11 ironbound frosthearts
  2 ogre magi
  3 peacekeepers
  3 spriggan air magi
  2 ghost crabs
  Erica (D:11)
  3 catoblepae
  11 centaur warriors
  12 anacondas
  15 dancing weapons
  15 alligators
  5 death yaks (Lair:6)
  10 two-headed ogres
  3 tengu warriors
  7 deep troll shamans
  8 orc high priests
  6 hell knights
  A titan zombie (Vaults:3)
  17 naga sharpshooters
  5 spriggan berserkers
  16 deep troll earth magi
  7 shock serpents
  3 thrashing horrors (Abyss:3)
  13 deep elf knights
  36 slime creatures
  14 spriggans
  A wretched star (Abyss:3)
  4 salamander mystics
  A sun demon (Depths:2)
  Nergalle (Lair:1)
  A shadow wraith (Vaults:5)
  6 goliath frogs
  6 iron trolls
  3 sixfirhies
  A death drake (Swamp:4)
  3 spriggan druids
  6 glowing orange brains
  An obsidian statue (Vaults:2)
  14 deep elf archers
  A naga ritualist (Snake:3)
  6 bog bodies
  65 deep trolls
  A swamp dragon (Swamp:1)
  A flayed ghost (Depths:1)
  8 harpies
  The ghost of ytrimaz the Cleaver, a novice HOFi of Beogh (D:5)
  An orange crystal statue (Elf:1)
  4 phantasmal warriors
  5 wizards
  4 spectral hydras (Swamp:4)
  11 lindwurms
  10 orc knights
  25 deep elf zephyrmancers
  8 necromancers
  17 ironbound convokers
  5 cyclopes
  19 deep elf pyromancers
  3 mana vipers
  5 orc sorcerers
  8 will-o-the-wisps
  8 manticores
  11 salamanders
  A shining eye (Abyss:3)
  43 ugly things
  2 worldbinders (Abyss:3)
  A tengu skeleton (Vaults:3)
  Maurice (D:7)
  A sphinx skeleton (Depths:1)
  11 elephants
  12 guardian serpents
  A fire giant skeleton (Vaults:2)
  15 vault sentinels
  A black mamba (shapeshifter) (Gauntlet)
  A stone giant skeleton (Depths:1)
  30 black mambas
  A water nymph (shapeshifter) (Gauntlet)
  11 naga magi
  A smoke demon (Elf:3)
  2 orange demons (Depths:1)
  12 cane toads
  2 human skeletons (Vaults:3)
  A spriggan zombie (Depths:1)
  A gargoyle (D:11)
  A torpor snail (Lair:2)
  A yaktaur zombie (Vaults:2)
  An unseen horror (D:13)
  10 komodo dragons
  Psyche (D:12)
  3 kobold demonologists
  An elf skeleton (Vaults:2)
  A yaktaur (shapeshifter) (Elf:3)
  3 swamp worm zombies (Swamp:4)
  28 yaktaurs
  A freezing wraith (D:14)
  7 tengu conjurers
  3 hellwings
  A hydra zombie (Swamp:4)
  A spark wasp simulacrum (Depths:1)
  2 yaktaur skeletons
  2 red devils
  7 trolls
  A queen bee (Lair:2)
  2 polar bears
  A meliai (shapeshifter) (D:14)
  2 queen bees (shapeshifter)
  A bloated husk (Swamp:4)
  A jumping spider (Abyss:3)
  17 hornets
  A deep troll zombie (Vaults:3)
  10 tyrant leeches
  9 blink frogs
  A dream sheep (shapeshifter) (Elf:1)
  A stone giant simulacrum (Vaults:2)
  A dream sheep (Abyss:3)
  6 alligator zombies (Swamp:4)
  A spectral swamp dragon (Swamp:4)
  3 air elementals (Elf:1)
  12 flying skulls (Gauntlet)
  Sigmund (D:4)
  An elf zombie (Vaults:2)
  A centaur simulacrum (D:15)
  A vampire (D:12)
  3 redbacks
  A ynoxinul (Abyss:3)
  28 water elementals
  8 wyverns
  A wraith (Vaults:2)
  A yak (shapeshifter) (Gauntlet)
  7 basilisks
  72 yaks
  3 fire bats (Depths:3)
  2 shadows (D:11)
  2 tarantellas
  A wyvern (shapeshifter) (Gauntlet)
  4 fire elementals
  Grum (D:10)
  A chaos spawn (Abyss:3)
  15 swamp worms
  5 steam dragons
  7 wargs
  4 vampire mosquitoes (Lair:3)
  A warg (shapeshifter) (Gauntlet)
  A large abomination (Elf:3)
  3 acid dragons
  38 nagas
  A small abomination (Abyss:3)
  2 floating eyes (Elf:1)
  22 water moccasins
  3 swamp drakes
  A black bear (shapeshifter) (Elf:1)
  46 orc warriors
  4 swamp dragon zombies (Swamp:4)
  2 black bears
  34 wolves
  A necrophage (D:6)
  19 ogres
  A boggart (D:5)
  2 phantoms (Swamp:4)
  12 centaurs
  3 human zombies
  4 kobold brigands
  Blork the orc (D:4)
  A glowing shapeshifter simulacrum (Vaults:3)
  10 bullfrogs
  6 earth elementals
  5 gnoll sergeants
  A scorpion (D:5)
  22 orc wizards
  8 wights
  34 killer bees
  An oklob sapling (D:13)
  4 electric eels
  3 howler monkeys
  A lava snake (Lair:4)
  7 centaur zombies
  A bullfrog zombie (D:3)
  A human simulacrum (Vaults:3)
  A quasit (Abyss:3)
  A jelly (D:6)
  A gnoll shaman (D:5)
  31 orc priests
  4 hounds
  A centaur skeleton (D:6)
  An iron imp (Abyss:3)
  6 iguanas
  A spectral swamp drake (Swamp:4)
  12 adders
  17 gnolls
  An ufetubus (D:6)
  A worm (D:5)
  3 dart slugs
  120 orcs
  14 ball pythons
  9 bats
  7 endoplasms
  2 giant cockroaches (D:2)
  2 goblins
  3 hobgoblins
  25 kobolds
  4 quokkas
  4 frilled lizards (D:1)
  3 rats
  A briar patch (Swamp:1)
1880 creatures vanquished.

Vanquished Creatures (collateral kills)
  An ogre (D:4)
  A hound (D:4)
  An orc (D:4)
  An endoplasm (D:2)
  A kobold (D:2)
5 creatures vanquished.

Vanquished Creatures (others)
  Margery (Vaults:4)
  An ironbound preserver (Vaults:5)
  A deep elf annihilator (Elf:3)
  A yaktaur captain (Vaults:5)
  A dancing weapon (Elf:1)
  An alligator (Swamp:4)
  A deep elf knight (Elf:2)
  A swamp dragon (Swamp:4)
  A wizard (Vaults:2)
  A spectral hydra (Swamp:4)
  2 phantasmal warriors
  A hornet (Swamp:1)
  A hydra zombie (Swamp:4)
  10 bloated husks
  3 spriggans
  2 water elementals (Depths:2)
  A swamp worm (Swamp:2)
  A naga (Snake:1)
  A swamp dragon zombie (Swamp:4)
  An orc warrior (Elf:1)
  An ogre (D:9)
  A bullfrog (Lair:2)
  2 killer bees (Lair:2)
  An orc wizard (D:4)
  A swamp drake zombie (Swamp:4)
  5 orcs
  A bush (Lair:6)
  50 foxfires
  29 fungi
  A lurking horror (Abyss:3)
  116 plants
  2 starspawn tentacles (Abyss:3)
243 creatures vanquished.

Grand Total: 2128 creatures vanquished

Notes
Turn   | Place    | Note
-------+----------+-------------------------------------------
     0 | D:1      | jasper the Demonspawn Artificer began the quest for the
                  | Orb.
     0 | D:1      | Reached XP level 1. HP: 15/15 MP: 1/1
    61 | D:1      | Reached skill level 1 in Dodging
   139 | D:1      | Gained mutation: You have a small tail. [demonic ancestry]
   139 | D:1      | Reached XP level 2. HP: 21/21 MP: 2/2
   274 | D:1      | Found a faded altar of an unknown god.
   314 | D:1      | Reached skill level 1 in Unarmed Combat
  1011 | D:2      | Reached XP level 3. HP: 25/26 MP: 3/3
  2277 | D:3      | Gained mutation: You may rarely emit foul miasma when
                  | damaged in melee. [demonic ancestry]
  2277 | D:3      | Reached XP level 4. HP: 33/33 MP: 4/4
  2310 | D:3      | Found a shadowy altar of Dithmenos.
  2343 | D:3      | Reached skill level 2 in Unarmed Combat
  3452 | D:3      | Reached XP level 5. HP: 34/38 MP: 5/5
  3606 | D:4      | Found Hadurhidgh's Antique Armour Shop.
  3607 | D:4      | Found Ivudomm's Magic Scroll Shop.
  3610 | D:4      | Found Linube's Armour Shop.
  3611 | D:4      | Found Heppaxyi's Book Shop.
  3644 | D:4      | Noticed an ogre
  3654 | D:4      | Killed an ogre
  3655 | D:4      | Reached skill level 3 in Unarmed Combat
  3694 | D:4      | Reached XP level 6. HP: 42/46 MP: 6/6
  3813 | D:4      | Bought a scroll of teleportation for 30 gold pieces
  3813 | D:4      | Bought a scroll of identify for 20 gold pieces
  3813 | D:4      | Bought a scroll of immolation for 35 gold pieces
  4135 | D:4      | Identified a scroll of acquirement
  4137 | D:4      | Noticed Blork the orc
  4157 | D:4      | Killed Blork the orc
  4165 | D:4      | Acquired the amulet "Necogim" {Drain Regen+ Int+4 Dex+8}
  4518 | D:4      | Found an ornate altar of the Wu Jian Council.
  4539 | D:4      | Noticed Sigmund
  4543 | D:4      | Killed Sigmund
  4544 | D:4      | Reached skill level 4 in Unarmed Combat
  4544 | D:4      | Reached XP level 7. HP: 47/52 MP: 7/7
  4639 | D:5      | Entered Level 5 of the Dungeon
  5389 | D:5      | Found a radiant altar of Vehumet.
  5696 | D:5      | Reached skill level 5 in Unarmed Combat
  5784 | D:5      | Identified the ring of Joy {Contam rPois Int+3 SInv}
  5788 | D:5      | Identified the +9 spear of Arbitration {pain, rC++ Int+5}
  5842 | D:5      | Found a transporter.
  5848 | D:5      | Found a transporter.
  5851 | D:5      | Noticed ytrimaz's ghost (novice HOFi)
  5982 | D:6      | Reached XP level 8. HP: 38/58 MP: 8/8
  6009 | D:6      | Found a staircase to the Ecumenical Temple.
  6022 | Temple   | Entered the Ecumenical Temple
  6238 | Temple   | Became a worshipper of Warmaster Okawaru
  6431 | D:6      | Found an ancient bone altar of Kikubaaqudgha.
  6440 | D:6      | Reached skill level 6 in Unarmed Combat
  6478 | D:6      | Found Conosu's Mass Market.
  6727 | D:6      | Reached skill level 5 in Fighting
  7350 | D:6      | Reached * piety under Okawaru
  7442 | D:7      | Found a basalt altar of Yredelemnul.
  7473 | D:7      | Reached skill level 5 in Dodging
  7473 | D:7      | Reached skill level 7 in Unarmed Combat
  7473 | D:7      | Gained mutation: You have a tail ending in a sharp stinger.
                  | [demonic ancestry]
  7473 | D:7      | Reached XP level 9. HP: 40/68 MP: 11/11
  7504 | D:7      | Reached ** piety under Okawaru
  7672 | D:4      | Bought a +1 pair of gloves of strength for 181 gold pieces
  7838 | D:7      | Reached skill level 8 in Unarmed Combat
  7924 | D:7      | Found a snail-covered altar of Cheibriados.
  8076 | D:7      | Found a broken altar of Ashenzari.
  8094 | D:7      | Identified the +6 long sword of the First Deaths {speed,
                  | rN+ Str-3 Int+7 Stlth+}
  8384 | D:8      | Noticed Maurice
  8391 | D:7      | Killed Maurice
  8391 | D:7      | Reached *** piety under Okawaru
  8976 | D:8      | Reached skill level 9 in Unarmed Combat
  8976 | D:8      | Gained mutation: You are surrounded by a mild repulsion
                  | field. (EV +2) [demonic ancestry]
  8976 | D:8      | Reached XP level 10. HP: 77/77 MP: 12/12
  9043 | D:8      | Reached **** piety under Okawaru
  9479 | D:9      | Reached skill level 10 in Unarmed Combat
  9543 | D:9      | Found a blossoming altar of Fedhas.
  9789 | D:9      | Reached ***** piety under Okawaru
 10090 | D:9      | Reached XP level 11. HP: 76/86 MP: 9/13
 10278 | D:9      | Found a staircase to the Orcish Mines.
 10332 | D:9      | Reached skill level 11 in Unarmed Combat
 10433 | D:10     | Entered Level 10 of the Dungeon
 10504 | D:10     | Noticed Grum
 10522 | D:10     | Killed Grum
 10702 | D:10     | Found a staircase to the Lair.
 10804 | D:10     | Noticed a two-headed ogre
 10813 | D:10     | Killed a two-headed ogre
 10846 | D:10     | Identified the +6 trident of Lies {vamp, Str+2}
 11066 | D:10     | Identified the +6 buckler of Eternal Vigilance {rF+ rC+
                  | Int+4}
 11397 | D:10     | Identified the +8 hand crossbow of Tipp {penet, rF++ rCorr
                  | Str-3 Int+4}
 11561 | D:11     | Received a gift from Okawaru
 11572 | D:11     | Reached skill level 1 in Shields
 11659 | D:11     | Noticed Erica
 11667 | D:11     | Killed Erica
 12295 | D:12     | Noticed a boulder beetle
 12316 | D:12     | Reached skill level 12 in Unarmed Combat
 12323 | D:12     | Killed a boulder beetle
 12395 | D:12     | Gained mutation: You are surrounded by a moderate repulsion
                  | field. (EV +3) [demonic ancestry]
 12395 | D:12     | Reached XP level 12. HP: 78/96 MP: 14/14
 12413 | D:12     | You fall into a shaft and drop 1 floor!
 12638 | D:13     | Learned a level 6 spell: Invisibility
 12644 | D:13     | Learned a level 5 spell: Silence
 12657 | D:13     | Noticed a six-headed hydra
 12679 | D:13     | Killed a six-headed hydra
 12692 | D:13     | Noticed a boulder beetle
 12720 | D:13     | Killed a boulder beetle
 12761 | D:13     | Noticed a centaur warrior
 12773 | D:13     | Killed a centaur warrior
 12773 | D:13     | Received a gift from Okawaru
 12884 | D:13     | Noticed a two-headed ogre
 12894 | D:13     | Killed a two-headed ogre
 12895 | D:13     | Reached skill level 10 in Fighting
 12932 | D:13     | Reached ****** piety under Okawaru
 13117 | D:13     | Reached skill level 13 in Unarmed Combat
 13200 | D:13     | Noticed a centaur warrior
 13218 | D:13     | Killed a centaur warrior
 13218 | D:13     | Identified the +3 buckler of Plog {Rampage} (Okawaru gifted
                  | it to you on level 13 of the Dungeon)
 13218 | D:13     | Received a gift from Okawaru
 13442 | D:12     | Noticed Psyche
 13445 | D:12     | Killed Psyche
 13684 | D:12     | Noticed a tengu warrior
 13695 | D:12     | Killed a tengu warrior
 13728 | D:12     | Noticed a two-headed ogre
 13733 | D:12     | Killed a two-headed ogre
 13814 | D:12     | Acquired 408 gold pieces
 14244 | D:4      | Bought an Inescapable Atlas for 374 gold pieces
 14244 | D:4      | Bought a book of Air for 242 gold pieces
 14248 | D:4      | Bought a scroll of summoning for 95 gold pieces
 14248 | D:4      | Bought a scroll of immolation for 35 gold pieces
 14248 | D:4      | Bought a scroll of magic mapping for 35 gold pieces
 14410 | Lair:1   | Entered Level 1 of the Lair of Beasts
 14441 | Lair:1   | Noticed a six-headed hydra
 14451 | Lair:1   | Killed a six-headed hydra
 14636 | Lair:1   | Reached skill level 14 in Unarmed Combat
 14670 | Lair:1   | Gained mutation: You sometimes gain a little power by
                  | taking damage. [demonic ancestry]
 14670 | Lair:1   | Reached XP level 13. HP: 104/104 MP: 15/15
 14762 | Lair:1   | Noticed Nergalle
 14777 | Lair:1   | Killed Nergalle
 15485 | Lair:2   | Reached skill level 15 in Unarmed Combat
 15486 | Lair:2   | Noticed Gastronok
 15496 | Lair:2   | Reached skill level 1 in Spellcasting
 15507 | Lair:2   | Killed Gastronok
 15516 | Lair:2   | Received a gift from Okawaru
 15633 | Lair:2   | Learned a level 1 spell: Apportation
 15636 | Lair:2   | Learned a level 2 spell: Blink
 15640 | Lair:2   | Learned a level 3 spell: Mephitic Cloud
 15871 | Lair:2   | Learned a level 3 spell: Swiftness
 16000 | Lair:2   | Identified the +9 halberd of the Elven Halls {antimagic,
                  | rElec rPois rC+}
 16052 | Lair:2   | Reached skill level 5 in Spellcasting
 16384 | Lair:3   | Reached skill level 1 in Conjurations
 16384 | Lair:3   | Reached skill level 1 in Air Magic
 16384 | Lair:3   | Reached skill level 1 in Poison Magic
 16750 | Lair:3   | Found a staircase to the Swamp.
 16773 | Lair:3   | Found a frozen archway.
 16783 | IceCv    | Entered an ice cave
 16786 | IceCv    | Found a transporter.
 16862 | Lair:3   | Reached skill level 1 in Hexes
 16945 | Lair:3   | Received a gift from Okawaru
 17788 | Lair:4   | Found a staircase to the Snake Pit.
 17950 | Lair:5   | Reached XP level 14. HP: 107/111 MP: 22/22
 18271 | Lair:5   | Reached skill level 5 in Hexes
 18958 | Lair:6   | Entered Level 6 of the Lair of Beasts
 19786 | Lair:6   | Reached skill level 5 in Air Magic
 19894 | Lair:6   | Found a staircase to the Slime Pits.
 19924 | Lair:6   | Identified the +0 scale mail "Suivufya" {Int+6 Dex-3}
                  | (Okawaru gifted it to you on level 6 of the Lair of Beasts)
 19924 | Lair:6   | Received a gift from Okawaru
 20388 | Lair:6   | Reached skill level 10 in Hexes
 20392 | Lair:6   | Identified the amulet "Banozena" {Spirit Rampage rC+ Will-
                  | Str+3}
 20777 | Orc:1    | Entered Level 1 of the Orcish Mines
 21176 | Orc:2    | Entered Level 2 of the Orcish Mines
 21381 | Orc:1    | You fall into a shaft and drop 1 floor!
 21485 | Orc:1    | Paralysed by an orc sorcerer for 5 turns
 21833 | Orc:2    | Found Juyr's Antique Weapon Boutique.
 21872 | Orc:2    | Found Nyro's Weapon Shop.
 21886 | Orc:2    | Gained mutation: You sometimes emit foul miasma when
                  | damaged in melee. [demonic ancestry]
 21886 | Orc:2    | Reached XP level 15. HP: 109/117 MP: 25/25
 21893 | Orc:2    | Learned a level 6 spell: Statue Form
 22097 | Orc:2    | Reached skill level 1 in Transmutations
 22097 | Orc:2    | Reached skill level 1 in Earth Magic
 22193 | Orc:2    | Received a gift from Okawaru
 22438 | Orc:2    | Found a staircase to the Elven Halls.
 22593 | Orc:2    | Noticed an orc warlord
 22626 | Orc:2    | Killed an orc warlord
 22752 | Orc:2    | Found Gauthrigg's Magic Scroll Emporium.
 22781 | Orc:2    | Bought a scroll of teleportation for 48 gold pieces
 22781 | Orc:2    | Bought a scroll of teleportation for 48 gold pieces
 22809 | Orc:2    | Found Xehaen's Antique Armour Shoppe.
 23398 | D:14     | Found an ancient bone altar of Kikubaaqudgha.
 23425 | D:14     | Found Rexkocre's Magic Scroll Shoppe.
 23428 | D:14     | Bought a scroll of acquirement for 728 gold pieces
 23428 | D:14     | Acquired 573 gold pieces
 23737 | D:14     | Found a gate to the Vaults.
 23825 | D:14     | Identified the +11 quarterstaff "Soroutynt" {vamp, *Rage
                  | Str+2 SInv} (Okawaru gifted it to you on level 14 of the
                  | Dungeon)
 23825 | D:14     | Received a gift from Okawaru
 23858 | D:14     | Reached skill level 5 in Transmutations
 23858 | D:14     | Reached skill level 5 in Earth Magic
 23886 | D:14     | Found Usuykesm's Magic Scroll Emporium.
 23927 | D:14     | Found Cutzed's Book Boutique.
 23928 | D:14     | Bought a scroll of teleportation for 45 gold pieces
 23928 | D:14     | Bought a scroll of teleportation for 45 gold pieces
 23928 | D:14     | Bought 3 scrolls of fog for 90 gold pieces
 23928 | D:14     | Bought a scroll of blinking for 112 gold pieces
 23928 | D:14     | Bought a scroll of blinking for 112 gold pieces
 23928 | D:14     | Bought a scroll of teleportation for 45 gold pieces
 23928 | D:14     | Bought a scroll of teleportation for 45 gold pieces
 24175 | D:14     | Found Itoac's General Store.
 24188 | D:14     | Bought a scroll of teleportation for 42 gold pieces
 24188 | D:14     | Bought a scroll of blinking for 105 gold pieces
 24437 | D:15     | Entered Level 15 of the Dungeon
 24456 | D:15     | Found a gate leading to a gauntlet.
 24461 | Gauntlet | Entered a Gauntlet
 24461 | Gauntlet | Found a transporter.
 24473 | Gauntlet | Found a transporter.
 24473 | Gauntlet | Found a transporter.
 24474 | Gauntlet | Found a transporter.
 24485 | Gauntlet | Found a transporter.
 24485 | Gauntlet | Found a transporter.
 24486 | Gauntlet | Found a transporter.
 24498 | Gauntlet | Found a transporter.
 24499 | Gauntlet | Found a transporter.
 24499 | Gauntlet | Found a transporter.
 24507 | Gauntlet | Found a transporter.
 24510 | Gauntlet | Found a transporter.
 24511 | Gauntlet | Found a transporter.
 24519 | Gauntlet | Found a transporter.
 24694 | Gauntlet | Identified the ring "Ytehimaj" {Fire rPois rN+ Int+4}
 24780 | Gauntlet | Identified the +7 hunting sling of Gynerah {vorpal, Fragile
                  | rPois Dex+7 SInv} (Okawaru gifted it to you in a Gauntlet)
 24780 | Gauntlet | Received a gift from Okawaru
 24804 | Gauntlet | Identified the +0 pair of boots "Icsehow" {Dex+4}
 24869 | Gauntlet | Identified the +7 rapier of Pride {freeze, rF+ Str+5}
 24886 | Gauntlet | Got the Compendium of Malediction
 24889 | Gauntlet | Identified the +0 hat of Fuileosi {rN+ Will- Str+4}
 24890 | Gauntlet | Got the Grimoire of Creative Flight
 24892 | Gauntlet | Identified the ring "Baskuan" {rPois Will+ Str+4 Dex+6
                  | Slay-2}
 25096 | D:15     | Found a staircase to the Depths.
 25097 | D:15     | Noticed a fire giant
 25114 | D:15     | Killed a fire giant
 25116 | D:15     | Noticed Agnes
 25128 | D:15     | Killed Agnes
 25445 | D:15     | Identified the -5 pair of gloves "Pytridgh" {+Inv Fly rN+}
                  | (Okawaru gifted it to you on level 15 of the Dungeon)
 25445 | D:15     | Received a gift from Okawaru
 26268 | Snake:1  | Entered Level 1 of the Snake Pit
 26284 | Snake:1  | Noticed Asterion
 26292 | Snake:1  | Gained mutation: You frequently emit foul miasma when
                  | damaged in melee. [demonic ancestry]
 26292 | Snake:1  | Reached XP level 16. HP: 124/124 MP: 14/26
 26297 | Snake:1  | Gained mutation: Armour fits poorly on your strangely
                  | shaped body. [a cacodemon]
 26301 | Snake:1  | Gained mutation: You have hidden genetic defects. [a
                  | cacodemon]
 26305 | Snake:1  | Gained mutation: You are dopey. (Int -2) [a cacodemon]
 26310 | Snake:1  | Killed Asterion
 26487 | Snake:1  | Found an ancient bone altar of Kikubaaqudgha.
 26952 | Snake:1  | Gained mutation: You sometimes lose the ability to read
                  | scrolls when taking damage. [hidden defects]
 26956 | Snake:1  | Lost mutation: Armour fits poorly on your strangely shaped
                  | body. [potion of mutation]
 26956 | Snake:1  | Lost mutation: You sometimes lose the ability to read
                  | scrolls when taking damage. [potion of mutation]
 26956 | Snake:1  | Gained mutation: Your spells are a little harder to cast,
                  | but a little more powerful. [potion of mutation]
 26956 | Snake:1  | Gained mutation: You are agile. (Dex +2) [potion of
                  | mutation]
 27003 | Snake:1  | Found a runed translucent gate.
 27004 | Snake:1  | Found a runed translucent gate.
 27005 | Snake:1  | Found a runed translucent gate.
 27008 | Snake:1  | Noticed Waleff's ghost (adept DrBe)
 27027 | Snake:1  | Killed Waleff's ghost
 27516 | D:5      | Killed ytrimaz's ghost
 27550 | D:5      | Acquired the +9 staff of Wucad Mu {*channel}
 27550 | D:5      | Found the +9 staff of Wucad Mu {*channel}
 28389 | Snake:2  | Found a basalt altar of Yredelemnul.
 28431 | Snake:2  | Received a gift from Okawaru
 28431 | Snake:2  | Found the +8 demon trident "Rift" {distort, reach+}
 28562 | Snake:2  | Reached skill level 10 in Transmutations
 28567 | Snake:2  | Gained mutation: You are very dopey. (Int -4) [hidden
                  | defects]
 28567 | Snake:2  | Lost mutation: You have hidden genetic defects. [hidden
                  | defects expressed]
 29615 | Snake:3  | Noticed Aizul
 29626 | Snake:3  | Killed Aizul
 29626 | Snake:3  | Received a gift from Okawaru
 29887 | Snake:3  | Noticed Donald
 29920 | Snake:3  | Killed Donald
 30212 | Snake:3  | Acquired 1024 gold pieces
 30233 | Snake:3  | Identified the +1 quarterstaff of Compulsion {flame, +Blink
                  | Will+ Str+2}
 30562 | Snake:4  | Entered Level 4 of the Snake Pit
 30785 | Snake:4  | Gained mutation: You sometimes gain power by taking damage.
                  | [demonic ancestry]
 30785 | Snake:4  | Reached XP level 17. HP: 129/129 MP: 24/27
 30889 | Snake:4  | Received a gift from Okawaru
 31026 | Snake:3  | Reached skill level 10 in Earth Magic
 31115 | Snake:4  | Reached skill level 5 in Invocations
 31131 | Snake:4  | Noticed a quicksilver dragon
 31176 | Snake:3  | Killed a quicksilver dragon
 31375 | Snake:3  | Identified the +1 pair of gloves of the Iron Devil {-Cast
                  | Harm rC+ Will+} (Okawaru gifted it to you on level 3 of the
                  | Snake Pit)
 31375 | Snake:3  | Received a gift from Okawaru
 31421 | Snake:3  | Reached skill level 10 in Dodging
 31468 | Snake:4  | Noticed a quicksilver dragon
 31484 | Snake:3  | Killed a quicksilver dragon
 31642 | Snake:4  | Got a serpentine rune of Zot
 32524 | Elf:1    | Entered Level 1 of the Elven Halls
 32672 | Elf:1    | Paralysed by a floating eye for 4 turns
 32707 | Elf:1    | Paralysed by a floating eye for 4 turns
 33045 | Elf:1    | Cast into level 2 of the Abyss (a deep elf sorcerer)
 33061 | Abyss:3  | Noticed a hellephant
 33063 | Elf:1    | Escaped the Abyss
 33074 | Elf:1    | Received a gift from Okawaru
 33111 | Elf:1    | Reached skill level 16 in Unarmed Combat
 33142 | Elf:1    | Gained mutation: You are frail. (-10% HP) [a neqoxec]
 33155 | Elf:1    | Noticed a Hell Sentinel
 33280 | Elf:1    | Found a runed translucent gate.
 33280 | Elf:1    | Found a runed translucent gate.
 33280 | Elf:1    | Found a runed translucent gate.
 33280 | Elf:1    | Found a runed translucent gate.
 33280 | Elf:1    | Found a runed translucent gate.
 33281 | Elf:1    | Found a runed translucent gate.
 33508 | Elf:1    | Lost mutation: You are frail. (-10% HP) [demonic ancestry]
 33508 | Elf:1    | Gained mutation: You are robust. (+10% HP) [demonic
                  | ancestry]
 33508 | Elf:1    | Reached XP level 18. HP: 109/153 MP: 21/28
 33636 | Elf:2    | Found a runed translucent gate.
 33636 | Elf:2    | Found a runed translucent gate.
 33637 | Elf:2    | Found a runed translucent gate.
 33987 | Elf:2    | Received a gift from Okawaru
 33988 | Elf:2    | Reached skill level 1 in Translocations
 34371 | Elf:3    | Entered Level 3 of the Elven Halls
 34929 | Elf:3    | Cast into level 2 of the Abyss (a deep elf sorcerer)
 34939 | Abyss:3  | Gained mutation: You sometimes lose the ability to read
                  | scrolls when taking damage. [a shining eye]
 34943 | Abyss:3  | Gained mutation: You are weak. (Str -2) [a shining eye]
 34988 | Abyss:3  | Noticed a lich
 34997 | Abyss:3  | Killed a lich
 35002 | Abyss:3  | Reached skill level 17 in Unarmed Combat
 35104 | Elf:3    | Escaped the Abyss
 35191 | Elf:3    | Identified the +0 hat of the Swamp {rPois Will+++ Regen+
                  | Int-3} (Okawaru gifted it to you on level 3 of the Elven
                  | Halls)
 35191 | Elf:3    | Received a gift from Okawaru
 36166 | Elf:3    | Identified the +6 hand crossbow of the Hero {penet, Drain
                  | rCorr Dex+3}
 36188 | Elf:3    | Identified the amulet of Surprise {rF+ Regen+ Dex-2 SInv}
 36223 | Elf:3    | Identified the ring of the Tormentor {*Corrode rElec rF+
                  | Int+4 Dex+7}
 36230 | Elf:3    | Identified the +10 war axe of Corporal Punishment {vorpal,
                  | rF+ Dex+5}
 36241 | Elf:3    | Identified the +4 scimitar of Xom's Benevolence {vorpal,
                  | Str+3}
 36648 | Swamp:1  | Entered Level 1 of the Swamp
 36669 | Lair:3   | Reached XP level 19. HP: 162/162 MP: 27/29
 37910 | Swamp:2  | Found a large runed translucent door.
 37910 | Swamp:2  | Found a large runed translucent door.
 37912 | Swamp:2  | Noticed sleeves's ghost (journeyman DsFi)
 37931 | Swamp:2  | Killed sleeves's ghost
 37931 | Swamp:2  | Identified the +8 great sword of Day {freeze, *Rage rF+
                  | rN++ Int+3} (Okawaru gifted it to you on level 2 of the
                  | Swamp)
 37931 | Swamp:2  | Received a gift from Okawaru
 39073 | Swamp:4  | Entered Level 4 of the Swamp
 39078 | Swamp:4  | Lost mutation: You are very dopey. (Int -4) [potion of
                  | mutation]
 39078 | Swamp:4  | Lost mutation: You are agile. (Dex +2) [potion of mutation]
 39078 | Swamp:4  | Lost mutation: Your spells are a little harder to cast, but
                  | a little more powerful. [potion of mutation]
 39409 | Swamp:4  | Reached skill level 18 in Unarmed Combat
 39451 | Swamp:4  | Noticed a bone dragon
 39462 | Swamp:4  | Killed a bone dragon
 39464 | Swamp:4  | Received a gift from Okawaru
 39481 | Swamp:4  | Got a decaying rune of Zot
 39617 | Swamp:4  | Got the Compendium of Flight and Unholy Secrets
 40022 | Vaults:1 | Entered Level 1 of the Vaults
 40046 | Vaults:1 | Received a gift from Okawaru
 40275 | Vaults:1 | Found Ostei's Assorted Antiques.
 40306 | Vaults:1 | Bought a potion of ambrosia for 304 gold pieces
 40306 | Vaults:1 | Bought a scroll of fog for 76 gold pieces
 40306 | Vaults:1 | Bought a potion of heal wounds for 190 gold pieces
 40338 | Vaults:1 | Gained mutation: You have a sharp stinger which inflicts
                  | weakening toxins. [demonic ancestry]
 40338 | Vaults:1 | Reached XP level 20. HP: 173/173 MP: 21/30
 40341 | Vaults:1 | Identified the +9 hunting sling of the Abyss {venom, Str+4}
                  | (Okawaru gifted it to you on level 1 of the Vaults)
 40341 | Vaults:1 | Received a gift from Okawaru
 40826 | Vaults:1 | Found a transporter.
 40870 | Vaults:1 | Found a transporter.
 41573 | Vaults:1 | Reached skill level 19 in Unarmed Combat
 41587 | Vaults:1 | Identified the +5 arbalest of the Saving Spider {penet,
                  | Str-2 Int+7} (Okawaru gifted it to you on level 1 of the
                  | Vaults)
 41587 | Vaults:1 | Received a gift from Okawaru
 41630 | Vaults:1 | Identified the ring of Darkness {rN+ MP+9 AC+4 Dex+2
                  | Slay-4}
 41647 | Vaults:1 | Identified the ring "Zuffionn" {rPois rCorr}
 41939 | Vaults:2 | Found a staircase to the Crypt.
 42039 | Vaults:2 | Identified the +4 scale mail of Okawaru's Outrage {Will+
                  | Stlth+} (Okawaru gifted it to you on level 2 of the Vaults)
 42039 | Vaults:2 | Received a gift from Okawaru
 42198 | Vaults:2 | Learned a level 7 spell: Storm Form
 42393 | Vaults:2 | You fall into a shaft and drop 1 floor!
 42636 | Vaults:2 | Gained mutation: Armour fits poorly on your strangely
                  | shaped body. [mutagenic glow]
 43003 | Vaults:2 | Found Bem Hej's Jewellery Shop.
 43023 | Vaults:2 | Bought the amulet "Wydanid" {*Slow rC++ rN+ Regen+ SInv}
                  | for 630 gold pieces
 43278 | Vaults:2 | Reached skill level 15 in Fighting
 43278 | Vaults:2 | Reached skill level 20 in Unarmed Combat
 43401 | Vaults:3 | Reached XP level 21. HP: 80/184 MP: 31/31
 43485 | Vaults:2 | Upgraded the game from 0.28-a0-655-g4eb62b627b to
                  | 0.28-a0-657-g71136c5590
 44171 | Vaults:3 | Identified the +3 triple crossbow of Zeuqigh {elec, Fly
                  | rCorr Str+4} (Okawaru gifted it to you on level 3 of the
                  | Vaults)
 44171 | Vaults:3 | Received a gift from Okawaru
 44746 | Vaults:4 | Received a gift from Okawaru
 44802 | Vaults:4 | Noticed Margery
 44987 | Vaults:4 | Killed Margery
 45173 | Vaults:4 | Reached skill level 21 in Unarmed Combat
 45525 | Vaults:4 | Received a gift from Okawaru
 45633 | Vaults:4 | Identified the +2 ring mail "Nead" {Regen+ Int+4}
 46082 | Depths:1 | Entered Level 1 of the Depths
 46379 | Depths:1 | Found a shimmering altar of Xom.
 46379 | Depths:1 | Found a shimmering altar of Xom.
 46380 | Depths:1 | Found a shimmering altar of Xom.
 46382 | Depths:1 | Found a shimmering altar of Xom.
 46382 | Depths:1 | Found a shimmering altar of Xom.
 46415 | Depths:1 | Received a gift from Okawaru
 46432 | Depths:1 | Reached skill level 15 in Dodging
 46511 | Depths:1 | Gained mutation: You are very robust. (+20% HP) [demonic
                  | ancestry]
 46511 | Depths:1 | Reached XP level 22. HP: 174/214 MP: 32/32
 46629 | Depths:1 | Found a stormy altar of Qazlal.
 46718 | Depths:1 | Found a gateway to Hell.
 46812 | Depths:1 | Found a one-way gate leading to the halls of Pandemonium.
 46816 | Depths:1 | Gained mutation: You occasionally shout uncontrollably at
                  | your foes. [a cacodemon]
 47092 | Depths:2 | Noticed Nikola
 47119 | Depths:2 | Killed Nikola
 47428 | Depths:2 | Noticed a golden dragon
 47438 | Depths:2 | Killed a golden dragon
 47451 | Depths:2 | Received a gift from Okawaru
 47509 | Depths:2 | Noticed a golden dragon
 47518 | Depths:2 | Killed a golden dragon
 47524 | Depths:2 | Identified the +2 leather armour of Apurudgh {Rampage Str-3
                  | Int+4 SInv}
 47576 | Depths:2 | Reached skill level 22 in Unarmed Combat
 47631 | Depths:2 | Found a gateway to a ziggurat.
 47635 | Depths:2 | Identified the +0 ring mail of the Shining Light {rPois
                  | Will+ Int+3}
 47711 | Depths:2 | Found Efuatteq's Jewellery Emporium.
 47711 | Depths:2 | Found Xefithru's Book Shop.
 47712 | Depths:2 | Found Jamup's Book Shop.
 48549 | Depths:3 | Found a hazy altar of Hepliaklqana.
 48574 | Depths:3 | Found a blossoming altar of Fedhas.
 48668 | Depths:3 | Noticed a juggernaut
 48683 | Depths:3 | Received a gift from Okawaru
 48692 | Depths:3 | Killed a juggernaut
 48737 | Depths:3 | Noticed a golden dragon
 48764 | Depths:3 | Found a runed translucent gate.
 48764 | Depths:3 | Found a runed translucent gate.
 48764 | Depths:3 | Found a runed translucent gate.
 48873 | Depths:3 | Found a runed translucent gate.
 48873 | Depths:3 | Found a runed translucent gate.
 48873 | Depths:3 | Found a runed translucent gate.
 49111 | Depths:3 | Found a one-way gate to the infinite horrors of the Abyss.
 49260 | Depths:4 | Entered Level 4 of the Depths
 49306 | Depths:4 | Received a gift from Okawaru
 49727 | Depths:4 | Reached XP level 23. HP: 225/225 MP: 33/33
 50180 | Depths:4 | Reached skill level 23 in Unarmed Combat
 50191 | Depths:4 | Found a gate to the Realm of Zot.
 50633 | Vaults:5 | Entered Level 5 of the Vaults
 50753 | Vaults:5 | Received a gift from Okawaru
 50756 | Vaults:5 | HP: 13/296 [sphinx (4)]
 50758 | Vaults:5 | Killed from afar by a titan

Illustrated notes

Levels and vault maps discovered:
D:1:      wander_arrival_desolate, layout_loops_cross,
          shapermc_ecumenical_altar_ellora, corexii_leaking_fountain
D:2:      layout_rooms
D:3:      layout_basic, general_overflow_altar, minmay_misc_feat_tower,
          st_stairs_12
D:4:      layout_cave_pods, nzn_wu_jian_contemplation, minmay_shop_grid_forest,
          uniq_blork_the_orc, uniq_sigmund
D:5:      layout_basic, vehumet_crystals, gammafunk_ghost_gnarly_gnolls
D:6:      layout_loops_cross, kennysheep_mini,
          minmay_temple_entry_gardened_gates, minmay_shop_mass
D:7:      layout_gridville, nicolae_overflow_crystal_walls,
          mainiacjoe_overflow_concentric_impassable, amcnicky_altar_gilded,
          grunt_ministairs_15
D:8:      layout_gridville, serial_bayou_lake_a, uniq_maurice
D:9:      layout_irregular_city, mainiacjoe_overflow_small_starburst,
          kennysheep_orc_monster_closet_entryway, kennysheep_donut,
          st_stairs_14, minmay_fractal_squares_diagonal_5
D:10:     layout_basic, david_lair_shrubbed, uniq_grum
D:11:     layout_cave_pools, serial_park_tiny_2, uniq_erica
D:12:     layout_basic, uniq_psyche
D:13:     layout_roguey, introduction_to_nature_1
D:14:     layout_basic, erik_vaults_2, hex_tiny, serial_shops,
          nicolae_shop_behind_doors, nicolae_shop_window_shopping, shop,
          nicolae_shop_crystal, nicolae_kikubaaqudgha_miasma_corner
D:15:     grunt_enter_depths_giant_problem, layout_stronghold, eino_curves_03,
          gauntlet_entry_generic, uniq_agnes
Temple:   eino_temple_water
Lair:1:   layout_misc_corridors, beast_lair_carwin_9, uniq_nergalle
Lair:2:   regret_index_tunnel_blossom, layout_gridlike, uniq_gastronok
Lair:3:   layout_misc_corridors, minmay_swamp_entry_worms,
          portal_ice_cave_entry_pillars_1, minivault_23, serial_bayou_shore_a
Lair:4:   layout_gridlike, dummy_snake_entry, grunt_forest_stairs_basic
Lair:5:   layout_cave_pods, infiniplex_staircase_pool_2
Lair:6:   grunt_lair_end_beastmaster, layout_loops_ring, slime_dummy,
          grunt_forest_large_clearings, grunt_megastairs_5
Swamp:1:  layout_basic_swamp, evilmike_swamp_ruin_rubble_1,
          hangedman_swamp_diagram, nicolae_swamp_spooky_pond
Swamp:2:  layout_basic_swamp, ebering_ghost_disaster_area,
          evilmike_swamp_ruin_rubble_2, swamp_pool2, nzn_swamp_dancing_lights
Swamp:3:  layout_falls_marsh, nicolae_swamp_feature_on_the_river_bank,
          swamp_pool2, nicolae_swamp_round_clearing
Swamp:4:  swamp_pestilence, layout_basic_swamp, swamp_pool2,
          infiniplex_staircase_pool
Snake:1:  layout_grid_maze, basic_altar, ebering_ghost_rock_garden,
          uniq_asterion
Snake:2:  layout_basic, basic_altar, grunt_megastairs_2
Snake:3:  layout_honeycomb, serial_bayou_shore_b, uniq_donald, uniq_aizul
Snake:4:  hellmonk_snake_rune_quicksilver_temple, layout_gridlike
Orc:1:    layout_diamond_mine
Orc:2:    pubby_orc_utopia, serial_shops
Elf:1:    layout_loops_ring, orc_legates, minivault_16, onia_ninara_cookie
Elf:2:    nicolae_elf_blades_splatter_lattice
          [nicolae_blade_entry_crossed_weapons], layout_geoelf_diagonals,
          item_on_display_a
Elf:3:    minmay_elf_hall, layout_onion_city, grunt_megastairs_1
Vaults:1: v_misc_32, gammafunk_dig_for_victory, ontoclasm_vaults_ligature,
          vaults_room_grunt_arrival_ludios, hangedman_vaults_capsules,
          ontoclasm_vaults_decontamination, v_alt_pattern_6,
          nicolae_vaults_big_angled_halls, nicolae_vaults_three_branches,
          vaults_room_door_ring, layout_vaults_omnicross, serial_shops,
          nicolae_shop_overgrown_old_shop
Vaults:2: minmay_crypt_entry_simple_round, nicolae_vaults_statue_guard,
          vaults_room_ringed_pool, v_rooms_5, nicolae_vaults_specimen_jars,
          nicolae_vaults_ring_of_whatevers, grunt_vaults_twisty, v_rooms_5,
          vaults_room_mumra_shop_pool, nicolae_vaults_little_squares_6,
          vaults_standard_mumra_enter_the_diamond, layout_vaults_omnibox
Vaults:3: vaults_dpeg_doors, nicolae_vaults_rhombus_6, vaults_mumra_chevron,
          dpeg_vaults_monster_box, ontoclasm_vaults_shuriken,
          grunt_vaults_focal, nicolae_vaults_ring_of_whatevers,
          vaults_room_door_hall, layout_vaults_quadrants
Vaults:4: nicolae_vaults_little_squares_5, vaults_room_stairs_pillars,
          vaults_mumra_hexcomb, ontoclasm_vaults_chip,
          nicolae_vaults_yaktaur_gun_rack, nicolae_vaults_angled_halls,
          vaults_room_fours, layout_vaults_big_room, uniq_margery
Vaults:5: serial_shops
Depths:1: layout_cave_pools, xom_redecorated, hangedman_coc_ice_floe,
          rand_demon_pan_entry_1, minmay_holes, chequers_serial_rivers_micro_e,
          grunt_qazlal_clouds
Depths:2: minmay_containers, layout_cave_pools, enter_ziggurat_c,
          grunt_hell_entry_dis_mu, rand_demon_pan_entry_3, dk_noncrumbling_3,
          minmay_shop_grove, uniq_nikola
Depths:3: kennysheep_treasure_stockpile, layout_cave_pools, abyss_entry,
          fedhas_altar_2, hell_entry, nicolae_hepliaklqana_hazy_memory
Depths:4: grunt_zot_entry_bicorn, layout_cave_shapes, hell_entry, serial_bayou,
          serial_bayou_pond_e, serial_bayou_ford_a, serial_bayou_lagoon_a,
          serial_bayou_pond_c, serial_bayou_pond_a

Skill      XL: |  1  2  3  4  5  6  7  8  9 10 11 12 13 14 15 16 17 18 19 20 21 22 23 |
---------------+----------------------------------------------------------------------+-----
Dodging        | 1 2 3 5 6 7 8 9 10 11 12 13 15 16 | 16.6
Armour         | 2 3 |  3.0
Unarmed Combat | 1 2 3 4 5 7 9 10 12 14 15 16 17 18 20 21 22 23 | 23.4
Fighting       | 2 3 4 5 6 8 9 10 11 12 13 15 16 17 18 | 18.0
Invocations    | 3 7 |  7.2
Shields        | 4 |  4.0
Spellcasting   | 5 6 7 |  7.0
Conjurations   | 1 |  1.9
Air Magic      | 3 5 |  5.5
Poison Magic   | 1 |  1.9
Hexes          | 4 11 12 | 12.0
Transmutations | 7 12 13 14 | 14.0
Earth Magic    | 7 9 10 | 10.4
Translocations | 2 |  2.0
Stealth        | |  0.8
Evocations     | |  3.1

Action                   |  1- 3 |  4- 6 |  7- 9 | 10-12 | 13-15 | 16-18 | 19-21 | 22-24 || total
-------------------------+-------+-------+-------+-------+-------+-------+-------+-------++-------
Melee: Club              |    10 |       |       |       |       |       |       |       ||    10
       Unarmed           |   124 |   145 |   355 |   792 |  2051 |  1270 |  1609 |   609 ||  6955
       Tailslap          |    19 |    24 |   102 |   208 |   431 |   207 |   367 |   135 ||  1493
       Punch             |     1 |     3 |    18 |    41 |       |       |     6 |     4 ||    73
Throw: Stone             |    35 |    20 |    52 |     3 |    32 |    10 |     3 |    12 ||   167
 Cast: Invisibility      |       |       |       |       |     3 |     4 |     4 |     5 ||    16
       Mephitic Cloud    |       |       |       |       |     2 |     5 |     3 |     4 ||    14
       Statue Form       |       |       |       |       |     1 |    87 |    99 |    46 ||   233
       Silence           |       |       |       |       |       |     9 |     1 |       ||    10
       Storm Form        |       |       |       |       |       |       |     5 |     1 ||     6
Invok: Heroism           |       |       |     2 |    15 |    16 |    10 |     5 |     1 ||    49
       Finesse           |       |       |       |       |     2 |     3 |     1 |     2 ||     8
 Abil: Blinkbolt         |       |       |       |       |       |       |     5 |     2 ||     7
Evoke: Wand              |    16 |    10 |    28 |    21 |    15 |     9 |     3 |       ||   102
       Piece from Xom's  |       |       |     6 |     1 |     3 |       |       |       ||    10
       Phial of floods   |       |       |       |       |     1 |       |       |       ||     1
  Use: Scroll            |     3 |     5 |     6 |    11 |    12 |     6 |     5 |     1 ||    49
       Potion            |     1 |     1 |     1 |       |     1 |    13 |     1 |     4 ||    22
 Stab: Distracted        |       |     2 |       |     1 |     1 |     1 |     1 |       ||     6
       Invisible         |       |     1 |       |       |     2 |    18 |     4 |     5 ||    30
       Petrifying        |       |       |     1 |       |       |       |       |       ||     1
       Sleeping          |       |       |       |       |    10 |     5 |     3 |     1 ||    19
       Confused          |       |       |       |       |     1 |     1 |     3 |     4 ||     9
Armor: Leather armour    |     3 |       |       |       |       |       |       |       ||     3
       Ring mail         |    31 |       |       |       |       |       |       |       ||    31
       Scale mail        |    31 |    57 |   149 |   170 |       |       |       |       ||   407
       Troll leather arm |       |       |       |    49 |   285 |    26 |     3 |     2 ||   365
       Skin              |       |       |       |       |       |   601 |   577 |   240 ||  1418
Dodge: Dodged            |    70 |    66 |   229 |   620 |  1318 |  1578 |  2407 |  1005 ||  7293
Block: Buckler           |       |       |       |   256 |  1106 |  1172 |  1456 |   548 ||  4538

Table legend: (Time is in decaauts)
 A = Elapsed time spent in this place.
 B = Non-inter-level travel time spent in this place.
 C = Inter-level travel time spent in this place.
 D = Time resting spent in this place.
 E = Time spent auto-exploring this place.
 F = Levels seen in this place.
 G = Mean time per level.
                   A        B        C        D        E       F      G
               +--------+--------+--------+--------+--------+-----+--------+
         Total |  54788 |  49826 |   4962 |   5468 |  27874 |  50 | 1095.8 |
       Dungeon |  17756 |  15688 |   2068 |   1776 |  10127 |  15 | 1183.7 |
        Temple |    233 |    217 |     16 |      0 |    199 |   1 |  233.0 |
          Lair |   6627 |   5805 |    822 |    601 |   3374 |   6 | 1104.5 |
         Swamp |   4120 |   3745 |    375 |     98 |   2138 |   4 | 1030.0 |
     Snake Pit |   6351 |   5947 |    404 |    970 |   3081 |   4 | 1587.8 |
  Orcish Mines |   2190 |   1965 |    225 |     46 |   1039 |   2 | 1095.0 |
   Elven Halls |   4554 |   4318 |    236 |    410 |   2001 |   3 | 1518.0 |
        Vaults |   7234 |   6772 |    462 |    996 |   3472 |   5 | 1446.8 |
        Depths |   5062 |   4712 |    350 |    569 |   2320 |   4 | 1265.5 |
         Abyss |    254 |    254 |      0 |      0 |      0 |   4 |   63.5 |
      Ice Cave |     13 |     13 |      0 |      0 |      0 |   1 |   13.0 |
      Gauntlet |    388 |    388 |      0 |      0 |    119 |   1 |  388.0 |
               +--------+--------+--------+--------+--------+-----+--------+

Top non-repeatable levels by time:
   Elf:3: 2235 daAuts
 Snake:3: 2137 daAuts
Vaults:2: 2108 daAuts
Vaults:1: 1978 daAuts
   Orc:2: 1822 daAuts
Vaults:3: 1682 daAuts
Depths:2: 1663 daAuts
     D:5: 1645 daAuts
     D:9: 1603 daAuts
 Snake:1: 1487 daAuts
  Lair:6: 1459 daAuts
     D:3: 1416 daAuts
 Snake:4: 1411 daAuts
Vaults:4: 1410 daAuts
    D:10: 1373 daAuts
